 Dungeon Crawl Stone Soup version bcrawl-1.28 (webtiles) character file.

Game seed: 4845220723123733656

102707 LostNumber the Sneak (level 3, -4/32 HPs)
             Began as a Naga Archaeologist on Nov 19, 2020.
             Slain by a gnoll
             ... wielding a +0 spear
              (5 damage)
             ... on level 3 of the Dungeon.
             The game lasted 00:02:33 (1694 turns).

LostNumber the Sneak (Naga Archaeologist)           Turns: 1694, Time: 00:02:33

Health: -4/32      AC:  4    Str: 14    XL:     3   Next: 70%
Magic:  3/3        EV: 10    Int: 14    God:
Gold:   123        SH:  0    Dex:  9    Spells: 2/2 levels left

rFire    . . .     SeeInvis +   u - +1 hand axe (venom)
rCold    . . .     Gourm    .   (no shield)
rNeg     . . .     Faith    .   b - +1 robe
rPois    +         Spirit   .   c - +1 hat
rElec    .         Reflect  .   (no cloak)
rCorr    .         Harm     .   (no gloves)
MR       .....                  (no barding)
Stlth    +++.......             (no amulet)
HPRegen  0.10/turn              (no ring)
MPRegen  0.08/turn              (no ring)

@: very slow
A: large, horns 1, see invisible, deformed body, poison resistance, slowness 2,
slow metabolism 1, spit poison 2, MP-powered wands, AC +1
a: Breathe Poison Gas


You were on level 3 of the Dungeon.
You were very hungry.

You visited 1 branch of the dungeon, and saw 3 of its levels.

You collected 123 gold pieces.

Inventory:

Hand Weapons
 a - a +0 whip
 o - a +0 hand axe
   (You found it on level 2 of the Dungeon)
 u - a +1 hand axe of venom (weapon)
   (You found it on level 3 of the Dungeon)
Armour
 b - a +1 robe (worn)
 c - a +1 hat (worn)
 d - a +1 robe
Jewellery
 x - a +6 ring of strength {unknown}
   (You found it on level 3 of the Dungeon)
Scrolls
 g - a scroll of magic mapping
 h - 2 scrolls of amnesia {unknown}
 i - a scroll of remove curse {unknown}
 m - 2 scrolls of fog {unknown}
 n - 2 scrolls of identify {@r1}
 p - a scroll of enchant weapon {unknown}
 s - a scroll of blinking {unknown}
 v - a scroll of teleportation {unknown}
Potions
 j - a potion of heal wounds {unknown}
 k - 2 potions of flight {unknown}
 l - a potion of cancellation {unknown}
 q - a potion of brilliance {unknown}
 r - a potion of lignification {unknown}
 t - 2 potions of mutation {!q}
 w - a potion of might {unknown}
Miscellaneous
 f - a dusty tome
Comestibles
 e - 5 rations {!d!d}


   Skills:
 - Level 2.1 Fighting
 * Level 2.2(2.3) Axes
 - Level 1.0(1.7) Maces & Flails
 - Level 2.4 Dodging
 - Level 5.2 Stealth


You had 2 spell levels left.
You didn't know any spells.
Your spell library was empty.

Dungeon Overview and Level Annotations

Branches:
Dungeon (3/12)

Altars:
Xom

Annotations:
D:3 Terence


Innate Abilities, Weirdness & Mutations

You cannot wear boots.
Your serpentine skin is tough. (AC +1)
You have supernaturally acute eyesight. (SInv)
Armour fits poorly on your strangely shaped body.
Your system is resistant to poisons. (rPois)
You cover ground very slowly.
You have a slow metabolism.
You can exhale a cloud of poison.
You have a pair of small horns on your head.
You expend magic power (3 MP) to strengthen your wands.


Message History

You feel slightly more hungry.
The gnoll hits you from afar with a cursed -3 spear.
The gnoll hits you but does no damage.
A gnoll comes into view. It is wielding a +0 spear.
You barely miss the gnoll.
You have got your breath back.
The gnoll barely misses you.
The gnoll hits you with a cursed -3 spear.
You closely miss the gnoll.
The gnoll hits you with a cursed -3 spear.
You hit the gnoll.
You kill the gnoll!
Your Axes skill increases to level 2!
Aim: a hobgoblin The splash of poison hits the hobgoblin.
The hobgoblin is poisoned.
You are feeling very hungry.
The hobgoblin closely misses you.
The gnoll hits you from afar with a +0 spear.
* * * LOW HITPOINT WARNING * * *
You barely miss the hobgoblin. The hobgoblin hits you.
* * * LOW HITPOINT WARNING * * *
The gnoll misses you.
A gnoll comes into view.
The hobgoblin barely misses you.
The gnoll shouts!
You slash the hobgoblin!
You kill the hobgoblin!
The gnoll misses you. The gnoll barely misses you.
The gnoll hits you from afar with a +0 spear.
* * * LOW HITPOINT WARNING * * *
The gnoll hits you with a +0 spear.
* * * LOW HITPOINT WARNING * * *
The gnoll hits you but does no damage.
Things that are here:
a cursed -3 spear; a hobgoblin corpse; a gnoll corpse You can't do that yet.
Unknown command.
You hit the gnoll.
The gnoll is poisoned.
You have got your breath back.
The gnoll barely misses you.
The gnoll hits you from afar with a +0 spear.
* * * LOW HITPOINT WARNING * * *
It was a potion of mutation.
You feel extremely strange.
You feel your magical essence link to your wands.
There is a nasty taste in your mouth for a moment.
A pair of horns grows on your head! The gnoll hits you with a +0 spear.
You die...

#.... .. ####....
... ##....#+# ....
#..)..# ....##
#....## .....%#
#.(..# .......
#....#
#...g##########....#
#...gg@............#
#....###########...#
##### #...# #...#
##### #### .... ....
....


You could see 3 gnolls.

Vanquished Creatures
  A gnoll (D:3)
  An ooze (D:3)
  A worm (D:2)
  3 leopard geckos
  4 giant cockroaches
  A goblin (D:1)
  5 hobgoblins
  A ball python (D:1)
  2 bats
  5 kobolds
  3 rats
27 creatures vanquished.

Notes
Turn   | Place    | Note
-------+----------+-------------------------------------------
     0 | D:1      | LostNumber the Naga Archaeologist began the quest for the
                  | Orb.
     0 | D:1      | Reached XP level 1. HP: 18/18 MP: 1/1
   137 | D:1      | Reached skill level 5 in Stealth
   397 | D:1      | Reached XP level 2. HP: 22/26 MP: 2/2
   974 | D:2      | Found a shimmering altar of Xom.
   975 | D:2      | Found a shimmering altar of Xom.
   982 | D:2      | Found a shimmering altar of Xom.
   983 | D:2      | Found a shimmering altar of Xom.
  1377 | D:2      | Reached skill level 1 in Axes
  1377 | D:2      | Reached XP level 3. HP: 24/32 MP: 3/3
  1629 | D:3      | Noticed Terence
  1693 | D:3      | HP: 1/32 [gnoll/+0 spear (5)]
  1694 | D:3      | Gained mutation: You expend magic power (3 MP) to
                  | strengthen your wands. [potion of mutation]
  1694 | D:3      | Gained mutation: You can exhale a cloud of poison. [potion
                  | of mutation]
  1694 | D:3      | Gained mutation: You have a pair of small horns on your
                  | head. [potion of mutation]
  1694 | D:3      | Slain by a gnoll

Skill      XL: |  1  2  3 |
---------------+----------+-----
Stealth        | 5 |  5.2
Fighting       | 2 |  2.1
Axes           | 1 2 |  2.2
Maces & Flails | |  1.0
Dodging        | |  2.4

Action                   || total
-------------------------++-------
Melee: Whip              ||    53
       Hand axe          ||    39
 Abil: Spit Poison       ||    11
  Use: Potion            ||     1
 Stab: Sleeping          ||     6
  Eat: Chunk             ||     3
Armor: Robe              ||    25
Dodge: Dodged            ||    52
